| 
	| TOP OF THE 1ST | 
|---|
 
		| Chicago (NYP) White Sox batting - Pitching for Idaho Falls Chukars : LHP Edwin Longoria |  
		| Pitching: LHP Edwin Longoria |  |  
		| Batting: RHB Rafael Medina | 0-0: Ball 1-0: Ball
 2-0: Ground out 4-3 (Groundball, 34, EV 107.5 MPH)
 |  
		| Batting: RHB Shintaro Katsumata | 0-0: Ball 1-0: Called Strike
 1-1: SINGLE  (Groundball, P, EV 80.0 MPH) (infield hit)
 |  
		| Batting: SHB Danny Gallegos | 0-0:  Fly out, F9  (Flyball, 9, EV 85.6 MPH) |  
		| Batting: RHB Jeremy Lewis | 0-0: Ball 1-0: SINGLE  (Groundball, 4MD, EV 95.6 MPH)
 Shintaro Katsumata to second
 Runner from 2nd tries for 3rd, OUT! 8-5
 |  
		| Top of the 1st over - 0 runs, 2 hits, 0 errors, 1 left on base; Chicago (NYP) 0 - Idaho Falls 0 |  
	| BOTTOM OF THE 1ST | 
|---|
 
		| Idaho Falls Chukars batting - Pitching for Chicago (NYP) White Sox : RHP Eddie Usrey |  
		| Pitching: RHP Eddie Usrey |  |  
		| Batting: RHB Jon Shonka | 0-0: Ball 1-0: Ball
 2-0: Foul Ball, location: 2F
 2-1: Foul Ball, location: 2F
 2-2: Strikes out looking
 |  
		| Batting: RHB Joe Gabriel | 0-0: Ball 1-0: Called Strike
 1-1: Foul Ball, location: 2F
 1-2: Ball
 2-2: Ball
 3-2:  Fly out, F6  (Line Drive, 6MD, EV 66.9 MPH)
 |  
		| Batting: LHB Vicente Hernandez | 0-0: Called Strike 0-1: Ball
 1-1: Called Strike
 1-2: Foul Ball, location: 2F
 1-2: SINGLE  (Groundball, 4D, EV 106.9 MPH)
 |  
		| Batting: RHB Hugo Chavez | 0-0: SINGLE  (Groundball, 56D, EV 106.2 MPH) Vicente Hernandez to second
 |  
		| Batting: RHB Masakuni Takeuchi | 0-0: Ball 1-0: Foul Ball, location: 2F
 1-1: Ball
 2-1: DOUBLE  (Flyball, 8LD, EV 90.0 MPH)
 Vicente Hernandez scores
 Hugo Chavez to third
 |  
		| Batting: RHB Bill Cranton | 0-0: Ball 1-0: Foul Ball, location: 2F
 1-1: Foul Ball, location: 2F
 1-2: Hit by Pitch
 |  
		| Batting: RHB Shura Mogilny | 0-0: Fielders Choice at 2nd, 6-4 (Groundball, 6, EV 100.0 MPH) |  
		| Bottom of the 1st over - 1 run, 3 hits, 0 errors, 3 left on base; Chicago (NYP) 0 - Idaho Falls 1 |  
	| TOP OF THE 2ND | 
|---|
 
		| Chicago (NYP) White Sox batting - Pitching for Idaho Falls Chukars : LHP Edwin Longoria |  
		| Batting: RHB Steve Byerly | 0-0: Ball 1-0: Ball
 2-0: Called Strike
 2-1: Ball
 3-1: Base on Balls
 |  
		| Batting: RHB Joe Weissman | 0-0: Ball 1-0: Foul Ball, location: 2F
 1-1: Ball
 2-1: Ball
 3-1: Base on Balls
 Steve Byerly to second
 |  
		| Batting: RHB Kyle Morse | 0-0: Fielders Choice at 2nd, 6-4 (Groundball, 56, EV 81.9 MPH) Steve Byerly to third
 |  
		| Batting: RHB Sean Peake | 0-0: Ball 1-0: Called Strike
 1-1: Foul Ball, location: 2F
 1-2: Foul Ball, location: 2F
 1-2: Ball
 2-2: Ball
 3-2: Base on Balls
 Kyle Morse to second
 |  
		| Batting: RHB Ighlas Mwara | 0-0: Ball Passed Ball!
 Steve Byerly scores
 Kyle Morse to third
 Sean Peake to second
 1-0: Swinging Strike
 1-1: Ball
 2-1: Ball
 3-1: Base on Balls
 |  
		| Batting: RHB Rafael Medina | 0-0: Ball 1-0: Called Strike
 1-1: Called Strike
 1-2: Strikes out looking
 |  
		| Batting: RHB Shintaro Katsumata | 0-0: Ball 1-0: Ball
 2-0: Swinging Strike
 2-1: Called Strike
 2-2: Foul Ball, location: 2F
 2-2: Ball
 3-2: Foul Ball, location: 2F
 3-2: Foul Ball, location: 2F
 3-2: Base on Balls
 Kyle Morse scores
 Sean Peake to third
 Ighlas Mwara to second
 |  
		| Batting: SHB Danny Gallegos | 0-0: Ball 1-0: Foul Ball, location: 2F
 1-1: Ground out 4-3 (Groundball, 4, EV 105.0 MPH)
 |  
		| Top of the 2nd over - 2 runs, 0 hits, 0 errors, 3 left on base; Chicago (NYP) 2 - Idaho Falls 1 |  
	| BOTTOM OF THE 2ND | 
|---|
 
		| Idaho Falls Chukars batting - Pitching for Chicago (NYP) White Sox : RHP Eddie Usrey |  
		| Batting: RHB Dermott Ayliffe | 0-0: Ball 1-0: Ball
 2-0: Ball
 3-0: Called Strike
 3-1: Foul Ball, location: 2F
 3-2: Strikes out swinging
 |  
		| Batting: RHB Matt Weddle | 0-0: Called Strike 0-1: Called Strike
 0-2: Strikes out looking
 |  
		| Batting: RHB Jon Shonka | 0-0: Ball 1-0: Ball
 2-0: Called Strike
 2-1: Swinging Strike
 2-2: Strikes out swinging
 |  
		| Bottom of the 2nd over - 0 runs, 0 hits, 0 errors, 0 left on base; Chicago (NYP) 2 - Idaho Falls 1 |  
	| TOP OF THE 3RD | 
|---|
 
		| Chicago (NYP) White Sox batting - Pitching for Idaho Falls Chukars : LHP Edwin Longoria |  
		| Batting: RHB Jeremy Lewis | 0-0: Foul Ball, location: 2F 0-1: Ball
 1-1: Swinging Strike
 1-2: Ball
 2-2: Foul Ball, location: 2F
 2-2: Foul Ball, location: 2F
 2-2: SINGLE  (Groundball, 4MD, EV 104.4 MPH) (infield hit)
 |  
		| Batting: RHB Steve Byerly | 0-0: Swinging Strike 0-1: Called Strike
 Jeremy Lewis steals 2nd, throwing error, E2
 Jeremy Lewis to third
 0-2: Ground out 3-1 (Groundball, 34, EV 101.9 MPH)
 Jeremy Lewis scores
 |  
		| Batting: RHB Joe Weissman | 0-0: Ball 1-0: Ball
 2-0: Ball
 3-0: Called Strike
 3-1: Called Strike
 3-2: Foul Ball, location: 2F
 3-2: Strikes out looking
 |  
		| Batting: RHB Kyle Morse | 0-0: Ball 1-0: SINGLE  (Groundball, 6, EV 97.5 MPH)
 |  
		| Batting: RHB Sean Peake | 0-0: Ball 1-0: Called Strike
 1-1: Called Strike
 1-2: Strikes out looking
 |  
		| Top of the 3rd over - 1 run, 2 hits, 1 error, 1 left on base; Chicago (NYP) 3 - Idaho Falls 1 |  
	| BOTTOM OF THE 3RD | 
|---|
 
		| Idaho Falls Chukars batting - Pitching for Chicago (NYP) White Sox : RHP Eddie Usrey |  
		| Batting: RHB Joe Gabriel | 0-0: Ball 1-0: Ball
 2-0: Called Strike
 2-1: Bunted foul
 2-2: Ground out 1-3 (Groundball, 15S, EV 66.9 MPH)
 |  
		| Batting: LHB Vicente Hernandez | 0-0: Swinging Strike 0-1: Ball
 1-1: Foul Ball, location: 2F
 1-2: Foul Ball, location: 2F
 1-2: Strikes out swinging
 |  
		| Batting: RHB Hugo Chavez | 0-0: Ball 1-0: Called Strike
 1-1: Called Strike
 1-2: Hit by Pitch
 |  
		| Batting: RHB Masakuni Takeuchi | 0-0: Ground out 3-1 (Groundball, 34S, EV 84.4 MPH) |  
		| Bottom of the 3rd over - 0 runs, 0 hits, 0 errors, 1 left on base; Chicago (NYP) 3 - Idaho Falls 1 |  
	| TOP OF THE 4TH | 
|---|
 
		| Chicago (NYP) White Sox batting - Pitching for Idaho Falls Chukars : LHP Edwin Longoria |  
		| Pitching: RHP Chance Griffin |  |  
		| Batting: RHB Ighlas Mwara | 0-0: Foul Ball, location: 2F 0-1: Ball
 1-1: Ball
 2-1: Ground out U3 (Groundball, 13, EV 86.9 MPH)
 |  
		| Batting: RHB Rafael Medina | 0-0: Ball 1-0: SINGLE  (Groundball, 4MD, EV 104.4 MPH)
 |  
		| Batting: RHB Shintaro Katsumata | 0-0: Ball Rafael Medina steals 2nd base
 1-0: Ground out 1-3 (Groundball, 34S, EV 72.5 MPH)
 Rafael Medina to third
 |  
		| Batting: SHB Danny Gallegos | 0-0: Foul Ball, location: 2F 0-1: Called Strike
 0-2: Strikes out swinging
 |  
		| Top of the 4th over - 0 runs, 1 hit, 0 errors, 1 left on base; Chicago (NYP) 3 - Idaho Falls 1 |  
	| BOTTOM OF THE 4TH | 
|---|
 
		| Idaho Falls Chukars batting - Pitching for Chicago (NYP) White Sox : RHP Eddie Usrey |  
		| Batting: RHB Bill Cranton | 0-0: Ground out 5-3 (Groundball, 5, EV 85.0 MPH) |  
		| Batting: RHB Shura Mogilny | 0-0: Ground out 5-3 (Groundball, 56S, EV 79.4 MPH) |  
		| Batting: RHB Dermott Ayliffe | 0-0: Called Strike 0-1: Ground out 1-3 (Groundball, 34S, EV 71.9 MPH)
 |  
		| Bottom of the 4th over - 0 runs, 0 hits, 0 errors, 0 left on base; Chicago (NYP) 3 - Idaho Falls 1 |  
	| TOP OF THE 5TH | 
|---|
 
		| Chicago (NYP) White Sox batting - Pitching for Idaho Falls Chukars : RHP Chance Griffin |  
		| Batting: RHB Jeremy Lewis | 0-0: Ball 1-0: Foul Ball, location: 2F
 1-1: Foul Ball, location: 2F
 1-2: Strikes out swinging
 |  
		| Batting: RHB Steve Byerly | 0-0: Called Strike 0-1: Ball
 1-1: Ground out 1-3 (Groundball, 15S, EV 70.0 MPH)
 |  
		| Batting: RHB Joe Weissman | 0-0: Foul Ball, location: 2F 0-1: SINGLE  (Groundball, 6, EV 95.6 MPH)
 |  
		| Batting: RHB Kyle Morse | 0-0: Foul Ball, location: 2F 0-1: Foul Ball, location: 2F
 0-2:  Fly out, F4  (Popup, 23, EV 83.8 MPH)
 |  
		| Top of the 5th over - 0 runs, 1 hit, 0 errors, 1 left on base; Chicago (NYP) 3 - Idaho Falls 1 |  
	| BOTTOM OF THE 5TH | 
|---|
 
		| Idaho Falls Chukars batting - Pitching for Chicago (NYP) White Sox : RHP Eddie Usrey |  
		| Batting: RHB Matt Weddle | 0-0: Called Strike 0-1: Ball
 1-1: Foul Ball, location: 2F
 1-2: SINGLE  (Flyball, 8LS, EV 89.4 MPH)
 |  
		| Batting: RHB Jon Shonka | 0-0: Ball 1-0: Ball
 2-0: Grounds into double play, 5-4-3 (Groundball, 56, EV 97.5 MPH)
 |  
		| Batting: RHB Joe Gabriel | 0-0: Ball 1-0: Ground out 1-3 (Groundball, 15, EV 63.1 MPH)
 |  
		| Bottom of the 5th over - 0 runs, 1 hit, 0 errors, 0 left on base; Chicago (NYP) 3 - Idaho Falls 1 |  
	| TOP OF THE 6TH | 
|---|
 
		| Chicago (NYP) White Sox batting - Pitching for Idaho Falls Chukars : RHP Chance Griffin |  
		| Batting: RHB Sean Peake | 0-0: Foul Ball, location: 2F 0-1: Ball
 1-1: Ground out 5-3 (Groundball, 56, EV 82.5 MPH)
 |  
		| Batting: RHB Ighlas Mwara | 0-0: Ground out U3 (Groundball, 34, EV 82.5 MPH) |  
		| Batting: RHB Rafael Medina | 0-0: Called Strike 0-1: Swinging Strike
 0-2: Ball
 1-2: Foul Ball, location: 2F
 1-2: Ground out 4-3 (Groundball, 4, EV 102.5 MPH)
 |  
		| Top of the 6th over - 0 runs, 0 hits, 0 errors, 0 left on base; Chicago (NYP) 3 - Idaho Falls 1 |  
	| BOTTOM OF THE 6TH | 
|---|
 
		| Idaho Falls Chukars batting - Pitching for Chicago (NYP) White Sox : RHP Eddie Usrey |  
		| Batting: LHB Vicente Hernandez | 0-0: Called Strike 0-1: Ball
 1-1: Foul Ball, location: 2F
 1-2: SINGLE  (Flyball, 3D, EV 93.1 MPH)
 |  
		| Batting: RHB Hugo Chavez | 0-0: Called Strike 0-1: Ball
 1-1: Ball
 Wild Pitch!
 Vicente Hernandez to second
 2-1: Foul Ball, location: 2F
 2-2: SINGLE  (Groundball, 4MD, EV 95.0 MPH)
 Vicente Hernandez to third
 |  
		| Batting: RHB Masakuni Takeuchi | 0-0: Ball 1-0: Ball
 Wild Pitch!
 Vicente Hernandez scores
 Hugo Chavez to second
 2-0: Called Strike
 2-1: SINGLE  (Line Drive, 4MD, EV 96.2 MPH)
 Hugo Chavez to third
 Runner from 3rd tries for Home, SAFE, throw by CF to home
 |  
		| Batting: RHB Bill Cranton | 0-0: Ball 1-0: Ball
 2-0: Swinging Strike
 2-1: Foul Ball, location: 2F
 2-2: Ball
 3-2: Foul Ball, location: 2F
 3-2: Strikes out swinging
 |  
		| Batting: RHB Shura Mogilny | 0-0: Ball 1-0: Called Strike
 1-1: Grounds into double play, 6-4-3 (Groundball, 56, EV 90.0 MPH)
 |  
		| Bottom of the 6th over - 2 runs, 3 hits, 0 errors, 0 left on base; Chicago (NYP) 3 - Idaho Falls 3 |  
	| TOP OF THE 7TH | 
|---|
 
		| Chicago (NYP) White Sox batting - Pitching for Idaho Falls Chukars : RHP Chance Griffin |  
		| Pitching: RHP Jerry Yusko |  |  
		| Batting: RHB Shintaro Katsumata | 0-0: Swinging Strike 0-1: Ball
 1-1: Ball
 2-1: Foul Ball, location: 2F
 2-2: Ball
 3-2: Base on Balls
 |  
		| Batting: SHB Danny Gallegos | 0-0: Called Strike 0-1: Called Strike
 0-2: Strikes out looking
 |  
		| Pitching: LHP Adrian Sanchez |  |  
		| Batting: RHB Jeremy Lewis | 0-0: Called Strike 0-1: Ball
 1-1: Ball
 2-1: Called Strike
 2-2: Foul Ball, location: 2F
 2-2: Grounds into double play, 4-6-3 (Groundball, 34, EV 86.9 MPH)
 |  
		| Top of the 7th over - 0 runs, 0 hits, 0 errors, 0 left on base; Chicago (NYP) 3 - Idaho Falls 3 |  
	| BOTTOM OF THE 7TH | 
|---|
 
		| Idaho Falls Chukars batting - Pitching for Chicago (NYP) White Sox : RHP Eddie Usrey |  
		| Batting: RHB Dermott Ayliffe | 0-0: Ground out U3 (Groundball, 3, EV 106.9 MPH) |  
		| Batting: RHB Matt Weddle | 0-0: Ball 1-0: Called Strike
 1-1: Foul Ball, location: 2F
 1-2: Strikes out swinging
 |  
		| Batting: RHB Jon Shonka | 0-0: Ball 1-0: Ball
 2-0: Foul Ball, location: 2F
 2-1:  Fly out, F9  (Flyball, 89M, EV 85.0 MPH)
 |  
		| Bottom of the 7th over - 0 runs, 0 hits, 0 errors, 0 left on base; Chicago (NYP) 3 - Idaho Falls 3 |  
	| TOP OF THE 8TH | 
|---|
 
		| Chicago (NYP) White Sox batting - Pitching for Idaho Falls Chukars : LHP Adrian Sanchez |  
		| Batting: RHB Steve Byerly | 0-0: Ball 1-0: Called Strike
 1-1: Foul Ball, location: 2F
 1-2:  Fly out, F7  (Flyball, 7LS, EV 82.5 MPH)
 |  
		| Batting: RHB Joe Weissman | 0-0: DOUBLE  (Line Drive, 78D, EV 104.4 MPH) |  
		| Batting: RHB Kyle Morse | 0-0: Ball 1-0: Ball
 2-0: Foul Ball, location: 2F
 2-1: Called Strike
 2-2: Strikes out swinging
 |  
		| Batting: RHB Sean Peake | 0-0: Called Strike 0-1: Swinging Strike
 0-2: SINGLE  (Groundball, 25, EV 64.4 MPH) (infield hit)
 Joe Weissman to third
 |  
		| Batting: RHB Ighlas Mwara | 0-0: SINGLE  (Groundball, 34D, EV 97.5 MPH) Joe Weissman scores
 Sean Peake to second
 Runner from 2nd tries for 3rd, SAFE, no throw by RF
 |  
		| Batting: RHB Rafael Medina | 0-0: Called Strike 0-1: Ball
 1-1:  Fly out, F8  (Flyball, 89D, EV 93.8 MPH)
 |  
		| Top of the 8th over - 1 run, 3 hits, 0 errors, 2 left on base; Chicago (NYP) 4 - Idaho Falls 3 |  
	| BOTTOM OF THE 8TH | 
|---|
 
		| Idaho Falls Chukars batting - Pitching for Chicago (NYP) White Sox : RHP Eddie Usrey |  
		| Batting: RHB Joe Gabriel | 0-0: Ball 1-0: Called Strike
 1-1: Foul Ball, location: 2F
 1-2: Foul Ball, location: 2F
 1-2: Strikes out swinging
 |  
		| Batting: LHB Vicente Hernandez | 0-0: Reached on error, E6 (Groundball, 4MS, EV 69.4 MPH) |  
		| Pitching: RHP Clay Redman |  |  
		| Batting: RHB Hugo Chavez | 0-0:  Fly out, F9  (Flyball, 9, EV 94.4 MPH) |  
		| Batting: RHB Masakuni Takeuchi | 0-0: Swinging Strike 0-1:  Fly out, F7  (Flyball, 78S, EV 80.0 MPH)
 |  
		| Bottom of the 8th over - 0 runs, 0 hits, 1 error, 1 left on base; Chicago (NYP) 4 - Idaho Falls 3 |  
	| TOP OF THE 9TH | 
|---|
 
		| Chicago (NYP) White Sox batting - Pitching for Idaho Falls Chukars : LHP Adrian Sanchez |  
		| Pitching: RHP Itsuki Eguchi |  |  
		| Batting: RHB Shintaro Katsumata | 0-0: Called Strike 0-1:  Fly out, F8  (Line Drive, 8RM, EV 93.8 MPH)
 |  
		| Batting: SHB Danny Gallegos | 0-0: Foul Ball, location: 2F 0-1: Swinging Strike
 0-2: Ball
 1-2: Strikes out swinging
 |  
		| Batting: RHB Jeremy Lewis | 0-0: Ball 1-0: Called Strike
 1-1: Swinging Strike
 1-2: Ground out U3 (Groundball, 34S, EV 76.2 MPH)
 |  
		| Top of the 9th over - 0 runs, 0 hits, 0 errors, 0 left on base; Chicago (NYP) 4 - Idaho Falls 3 |  
	| BOTTOM OF THE 9TH | 
|---|
 
		| Idaho Falls Chukars batting - Pitching for Chicago (NYP) White Sox : RHP Clay Redman |  
		| Now at 1B: Tyrell Camp |  |  
		| Now in LF: Bastiaan Leenders |  |  
		| Batting: RHB Bill Cranton | 0-0: Ball 1-0: Ball
 2-0: Ball
 3-0: Base on Balls
 |  
		| Batting: RHB Shura Mogilny | 0-0: Ball 1-0: Ball
 2-0: SINGLE  (Line Drive, 9S, EV 105.6 MPH)
 Bill Cranton to second
 |  
		| Pinch Hitting: SHB Adrian Orosco | 0-0: Bunted foul 0-1: Bunted foul
 0-2:  Fly out, F7  (Line Drive, 78M, EV 87.5 MPH)
 |  
		| Pinch Hitting: RHB Chance Argy | 0-0: Called Strike 0-1: Ball
 1-1: Foul Ball, location: 2F
 1-2: Reached on error, E1 (Groundball, 25, EV 66.9 MPH)
 Bill Cranton to third
 Shura Mogilny to second
 |  
		| Pinch Hitting: SHB Alex Cavazos | 0-0: Foul Ball, location: 2F 0-1: Foul Ball, location: 2F
 0-2: Ball
 1-2: Grounds into double play, 6-2-3 (Groundball, 56, EV 82.5 MPH)
 |  
		| Bottom of the 9th over - 0 runs, 1 hit, 1 error, 2 left on base; Chicago (NYP) 4 - Idaho Falls 3 |  |